 Dungeon Crawl Stone Soup version 0.29-a0-1016-g236c7fd91e (webtiles) character file.

Game seed: 9043078650667048223

2440 frimble the Fighter (level 9, -12/74 HPs)
             Began as a Demonspawn Earth Elementalist on Aug 9, 2022.
             Was a Priest of Cheibriados.
             Mangled by a two-headed ogre
             ... wielding a +0 giant club
              (21 damage)
             ... on level 7 of the Dungeon.
             The game lasted 00:09:35 (7243 turns).

frimble the Fighter (Demonspawn Earth Elementalist) Turns: 7243, Time: 00:09:35

Health: -12/74     AC:  9    Str: 15    XL:     9   Next: 25%
Magic:  12/12      EV: 13    Int: 24    God:    Cheibriados [***...]
Gold:   667        SH:  0    Dex: 22    Spells: 11/12 levels left

rFire   . . .      SeeInvis .   G - +2 rapier (drain)
rCold   . . .      Faith    .   (no shield)
rNeg    . . .      Spirit   .   H - +0 steam dragon scales
rPois   +          Reflect  .   l - +0 helmet
rElec   .          Harm     .   d - +0 cloak
rCorr   .          Rampage  .   (no gloves)
Will    .....                   (no boots)
Stlth   ++........              u - amulet of magic regeneration
HPRegen 0.22/turn               v - ring of poison resistance
MPRegen 0.66/turn               (no ring)

@: about to teleport, very slow
A: molten scales 1, ignite blood 2, magic regeneration, demonic touch 1
a: Renounce Religion, Bend Time, Temporal Distortion


You were on level 7 of the Dungeon.
You worshipped Cheibriados.
Cheibriados was most pleased with you.
You visited 1 branch of the dungeon, and saw 7 of its levels.

You collected 881 gold pieces.
You spent 214 gold pieces at shops.

Inventory:

Hand Weapons
 a - a +2 vorpal sling
 b - a +3 dagger of venom
 c - a +3 mace
 G - a +2 rapier of draining (weapon)
Armour
 d - a +0 cloak (worn)
 h - a +0 robe
 l - a +0 helmet (worn)
 H - +0 steam dragon scales (worn)
Jewellery
 o - a ring of fire
 s - a ring of protection from cold
 u - an amulet of magic regeneration (around neck)
 v - a ring of poison resistance (left hand)
 C - a +6 ring of dexterity
 D - a ring of resist corrosion
Wands
 A - a wand of roots (10)
Scrolls
 f - a scroll of amnesia
 g - 4 scrolls of teleportation
 i - a scroll of silence
 q - a scroll of noise
 t - a scroll of vulnerability
 y - 2 scrolls of enchant armour
 B - 2 scrolls of immolation
 F - a scroll of identify
Potions
 e - a potion of brilliance {unknown}
 j - 2 potions of heal wounds {unknown}
 k - a potion of magic
 m - 2 potions of lignification {unknown}
 n - 2 potions of degeneration {unknown}
 p - a potion of cancellation {unknown}
 r - a potion of might {unknown}
 w - 4 potions of flight {unknown}
 x - a potion of invisibility {unknown}
 z - a potion of curing
 E - 3 potions of berserk rage
 I - a potion of attraction {unknown}


   Skills:
 + Level 8.1 Fighting
 + Level 7.4 Short Blades
 - Level 2.7 Dodging
 - Level 2.1 Stealth
 - Level 2.2 Spellcasting
 - Level 2.2 Transmutations
 - Level 3.4 Earth Magic


You had 11 spell levels left.
You knew the following spells:

 Your Spells              Type           Power      Damage    Failure   Level
a - Sandblast             Erth           38%        2d10      2%          1

Your spell library contained the following spells:

 Spells                   Type           Power      Damage    Failure   Level
 Passwall                 Tmut/Erth      13%        N/A       5%          2
 Wereblood                Tmut           13%        N/A       7%          2
 Magic Dart               Conj           8%         1d3       12%         1
 Shock                    Conj/Air       8%         1d3       12%         1
 Slow                     Hex            8%         N/A       12%         1
 Stone Arrow              Conj/Erth      22%        3d8       17%         3
 Call Imp                 Summ           2%         N/A       19%         2
 Poisonous Vapours        Pois/Air       4%         N/A       19%         2
 Static Discharge         Conj/Air       2%         3-4/arc   19%         2
 Sublimation of Blood     Necr           2%         N/A       19%         2
 Ignite Poison            Fire/Tmut/Pois 6%         N/A       26%         3
 Confusing Touch          Hex            2%         N/A       34%         3
 Mephitic Cloud           Conj/Pois/Air  2%         N/A       34%         3
 Swiftness                Air            2%         N/A       34%         3
 Vampiric Draining        Necr           2%         2d6       34%         3
 Petrify                  Tmut/Erth      16%        N/A       36%         4
 Airstrike                Air            1%         2d(1-17)  75%         4
 Corpse Rot               Necr/Pois/Air  2%         N/A       75%         4
 Dispel Undead            Necr           2%         3d7       75%         4
 Sticky Flame             Conj/Fire      2%         2d3       75%         4
 Summon Lightning Spire   Summ/Air       2%         N/A       75%         4
 Freezing Cloud           Conj/Ice/Air   1%         6-21      97%         5
 Lightning Bolt           Conj/Air       1%         1d12      97%         5
 Summon Hydra             Summ           1%         N/A       100%        7
 Chain Lightning          Conj/Air       1%         3d1       100%        9
 Fire Storm               Conj/Fire      1%         7d1       100%        9
 Shatter                  Erth           9%         3d11*     100%        9


Dungeon Overview and Level Annotations

Branches:
Dungeon (7/15)             Temple (0/1) D:7

Altars:
Ashenzari
Cheibriados
Ru
Uskayaw
Vehumet
Yredelemnul

Shops:
D:4 ?

Annotations:
D:5 Pikel


Innate Abilities, Weirdness & Mutations

You are partially covered in molten scales. (AC +2)
Your demonic aura often causes spilled blood to erupt in flames.
You regenerate magic rapidly.
Your touch may inflict minor irresistible damage on your foes.


Message History

Cheibriados thoroughly appreciates the change of pace.
The gnoll rages.
The gnoll hits you with a +0 flail!
The two-headed ogre hits you with a +0 giant club!!
The two-headed ogre closely misses you. The gnoll closely misses you.
The gnoll is engulfed in blazing flames.
The gnoll barely misses you. x2; The gnoll hits you but does no damage.
Okay, then.
Aiming: Fastroot
Press: ? - help, Shift-Dir - straight line, f - you The roots erupt in riotous growth!
Roots grab the gnoll.
Roots grab the two-headed ogre.
Roots grab the gnoll.
The grasping roots constrict the two-headed ogre.
The grasping roots constrict the gnoll. x2
The gnoll is engulfed in blazing flames.
You kill the gnoll!
Cheibriados appreciates the change of pace.
The two-headed ogre barely misses you. The two-headed ogre closely misses you.
The gnoll hits you but does no damage.
The gnoll sergeant hits you from afar with a +0 spear.
The grasping roots constrict the two-headed ogre.
The grasping roots constrict the gnoll!
You kill the gnoll!
Cheibriados appreciates the change of pace.
The roots release their grip on the two-headed ogre.
Aiming: Fastroot
Press: ? - help, Shift-Dir - straight line
Okay, then.
Okay, then.
Okay, then.
As you read the scroll of teleportation, it crumbles to dust.
You feel strangely unstable. The two-headed ogre barely misses you.
The two-headed ogre hits you with a +0 giant club!
* * * LOW HITPOINT WARNING * * *
The gnoll hits you but does no damage.
The two-headed ogre attacks as you move away!
The two-headed ogre hits you with a +0 giant club.
* * * LOW HITPOINT WARNING * * *
The two-headed ogre hits you with a +0 giant club!!
You die...

.... ............. ....
............ ..# ...........
........# ..# ..........#
#.......# ..# ............#
.<......## ..# .............#
......... ..###.........g)).#
......... ........
#g.g.####........ ....#..
#.O@............. ....#
#............#### ....#
.#........)......# ....#
............[........+ ....#
...#...###'###.......#
....####.......#.....#.....###
...............#..$$.#.....#
...............#.._.$#.....#
...............#.$...#.....#


You could see a two-headed ogre, a gnoll sergeant and 2 gnolls.

Vanquished Creatures
  A steam dragon (D:7)
  2 vampire mosquitoes (D:6)
  2 water moccasins
  2 ice beasts (D:6)
  2 ogres
  2 black bears
  2 phantoms (D:4)
  2 bullfrogs (D:7)
  2 scorpions
  5 killer bees (D:6)
  4 hounds
  3 orc priests
  Terence (D:2)
  An iguana (D:3)
  Natasha (thrice) (D:3)
  2 orc wizards (D:5)
  Robin (D:2)
  11 gnolls
  4 adders
  4 shadow imps
  2 ufetubi
  2 worms
  4 dart slugs
  16 orcs
  2 bats (D:2)
  4 endoplasms
  4 giant cockroaches (D:3)
  9 hobgoblins
  4 kobolds
  8 quokkas
  6 ball pythons
  A frilled lizard (D:2)
  14 goblins
  4 rats
136 creatures vanquished.

Vanquished Creatures (others)
  A plant (D:1)
1 creature vanquished.

Grand Total: 137 creatures vanquished

Notes
Turn   | Place    | Note
-------+----------+-------------------------------------------
     0 | D:1      | frimble the Demonspawn Earth Elementalist began the quest
                  | for the Orb.
     0 | D:1      | Reached XP level 1. HP: 13/13 MP: 3/3
   129 | D:1      | Reached skill level 1 in Transmutations
   129 | D:1      | Gained mutation: You are partially covered in molten
                  | scales. (AC +2) [demonic ancestry]
   129 | D:1      | Reached XP level 2. HP: 13/19 MP: 0/5
   312 | D:1      | Found a faded altar of an unknown god.
  1039 | D:2      | Reached XP level 3. HP: 24/24 MP: 6/6
  1039 | D:2      | Noticed Robin
  1146 | D:2      | Killed Robin
  1202 | D:2      | Gained mutation: Your demonic aura sometimes causes spilled
                  | blood to erupt in flames. [demonic ancestry]
  1202 | D:2      | Reached XP level 4. HP: 6/30 MP: 7/7
  1595 | D:2      | Noticed Terence
  1607 | D:2      | Killed Terence
  2235 | D:3      | Reached skill level 1 in Fighting
  2235 | D:3      | Reached skill level 1 in Short Blades
  2235 | D:3      | Reached XP level 5. HP: 28/37 MP: 5/8
  2402 | D:3      | Noticed Natasha
  2410 | D:3      | Killed Natasha
  2549 | D:3      | Found a snail-covered altar of Cheibriados.
  2556 | D:3      | Became a worshipper of Cheibriados the Contemplative
  2677 | D:3      | Found a basalt altar of Yredelemnul.
  2799 | D:3      | Noticed Natasha
  2809 | D:3      | Killed Natasha
  2810 | D:3      | Reached skill level 2 in Fighting
  2851 | D:3      | Noticed Natasha
  2868 | D:3      | Killed Natasha
  3061 | D:3      | Gained mutation: Your touch may inflict minor irresistible
                  | damage on your foes. [demonic ancestry]
  3061 | D:3      | Reached XP level 6. HP: 24/46 MP: 9/9
  3774 | D:4      | Reached skill level 3 in Fighting
  4046 | D:4      | Found a broken altar of Ashenzari.
  4050 | D:4      | Reached skill level 4 in Fighting
  4050 | D:4      | Reached XP level 7. HP: 35/54 MP: 10/10
  4163 | D:4      | Found Xenoyc's Magic Scroll Shop.
  4174 | D:4      | Bought a scroll of teleportation for 33 gold pieces
  4174 | D:4      | Bought a scroll of teleportation for 33 gold pieces
  4174 | D:4      | Bought a scroll of enchant armour for 82 gold pieces
  4174 | D:4      | Bought a scroll of immolation for 44 gold pieces
  4174 | D:4      | Bought a scroll of identify for 22 gold pieces
  4178 | D:4      | Identified a scroll of acquirement
  4178 | D:4      | Acquired 463 gold pieces
  4463 | D:5      | Entered Level 5 of the Dungeon
  4488 | D:5      | Reached * piety under Cheibriados
  4845 | D:5      | Identified the +8 short sword "Aria" {freeze, rF+ Str+4
                  | Dex+2}
  5006 | D:5      | Reached skill level 5 in Fighting
  5340 | D:5      | Noticed Pikel
  5763 | D:6      | Reached skill level 5 in Short Blades
  5763 | D:6      | Gained mutation: You regenerate magic rapidly. [demonic
                  | ancestry]
  5763 | D:6      | Reached XP level 8. HP: 43/63 MP: 11/11
  5923 | D:6      | Reached ** piety under Cheibriados
  5940 | D:6      | Reached skill level 6 in Fighting
  6195 | D:6      | Reached skill level 7 in Fighting
  6334 | D:6      | Found a radiant altar of Vehumet.
  6369 | D:6      | Found a sacrificial altar of Ru.
  6712 | D:7      | Gained mutation: Your demonic aura often causes spilled
                  | blood to erupt in flames. [demonic ancestry]
  6712 | D:7      | Reached XP level 9. HP: 66/72 MP: 12/12
  6775 | D:7      | Acquired a +2 rapier of draining
  6977 | D:7      | Reached skill level 8 in Fighting
  6980 | D:7      | Reached *** piety under Cheibriados
  7173 | D:7      | Found a staircase to the Ecumenical Temple.
  7187 | D:7      | Found a hide-covered altar of Uskayaw.
  7235 | D:7      | Noticed a two-headed ogre
  7243 | D:7      | Mangled by a two-headed ogre

Illustrated notes

Levels and vault maps discovered:
D:1:      sevenhm_arrival_forest_fort_large_4, layout_loops_ring,
          shapermc_ecumenical_altar_venn, st_stairs_14, serial_bayou_pond_e
D:2:      layout_basic, uniq_robin, uniq_terence
D:3:      layout_basic, kennysheep_ying_yang, mainiacjoe_overflow_alcove_4,
          serial_glass, glass_columns_c, glass_columns_b, glass_columns_c,
          glass_columns_b, gup_sewer_entry_pipe, uniq_natasha
D:4:      layout_cave_pools, mainiacjoe_overflow_small_starburst, serial_shops,
          nicolae_diamond_shop, serial_glass, glass_columns_a, glass_columns_c,
          glass_columns_b, glass_columns_a, glass_columns_b,
          minmay_misc_feat_pillars, minmay_misc_feat_tiny, lemuel_old_faithful
D:5:      layout_layer_cave, kennysheep_little_box, uniq_pikel
D:6:      layout_loops_cross, mainiacjoe_overflow_tiny_flanked,
          general_overflow_altar
D:7:      layout_basic, amcnicky_altar_gilded, minmay_temple_entry_grid

Skill      XL: |  1  2  3  4  5  6  7  8  9 |
---------------+----------------------------+-----
Dodging        | 2 |  2.7
Stealth        | 2 |  2.1
Transmutations | 1 2 |  2.2
Earth Magic    | 3 |  3.4
Fighting       | 1 2 4 5 7 8 |  8.1
Short Blades   | 1 2 3 5 6 7 |  7.4
Spellcasting   | |  2.2

Action                   |  1- 3 |  4- 6 |  7- 9 || total
-------------------------+-------+-------+-------++-------
Melee: Unarmed           |     1 |       |       ||     1
       Mace              |    20 |       |       ||    20
       Dagger            |    29 |   165 |   165 ||   359
       Punch             |     1 |     2 |     3 ||     6
       Touch             |       |    17 |    36 ||    53
       Rapier            |       |       |    16 ||    16
 Fire: Sling             |    23 |       |       ||    23
 Cast: Sandblast         |     6 |    13 |       ||    19
Evoke: Wand              |       |       |     1 ||     1
  Use: Potion            |     1 |       |       ||     1
       Scroll            |       |       |    13 ||    13
 Stab: Sleeping          |     2 |     9 |     5 ||    16
Armor: Robe              |    30 |    34 |    55 ||   119
       Steam dragon scal |       |       |     3 ||     3
Dodge: Dodged            |    83 |    87 |   138 ||   308

Table legend: (Time is in decaauts)
 A = Elapsed time spent in this place.
 B = Non-inter-level travel time spent in this place.
 C = Inter-level travel time spent in this place.
 D = Time resting spent in this place.
 E = Time spent auto-exploring this place.
 F = Levels seen in this place.
 G = Mean time per level.
                   A        B        C        D        E       F      G
               +--------+--------+--------+--------+--------+-----+--------+
         Total |   8122 |   7934 |    188 |    155 |   6553 |   7 | 1160.3 |
       Dungeon |   8122 |   7934 |    188 |    155 |   6553 |   7 | 1160.3 |
               +--------+--------+--------+--------+--------+-----+--------+

Top non-repeatable levels by time:
     D:3: 1751 daAuts
     D:6: 1577 daAuts
     D:1: 1150 daAuts
     D:5: 1063 daAuts
     D:2: 1015 daAuts
     D:4: 893 daAuts
     D:7: 671 daAuts
